 Dungeon Crawl Stone Soup version 0.31.0-10-gcf4a605ca0 (webtiles) character file.

Game seed: 13756223864915598982

2592 Ruich the Basher (level 9, -8/78 HPs)
             Began as an Armataur Fighter on Jan 26, 2024.
             Was a Follower of Okawaru.
             Killed by divine providence
             ... invoked by an orc priest
              (16 damage)
             ... on level 7 of the Dungeon.
             The game lasted 00:38:23 (8388 turns).

Ruich the Basher (Armataur Fighter)                 Turns: 8388, Time: 00:38:24

Health: -8/78      AC: 11    Str: 25    XL:     9   Next: 33%
Magic:  9/9        EV:  7    Int: 11    God:    Okawaru [*.....]
Gold:   397        SH:  9    Dex: 11    Spells: 5/8 levels left

rFire   + + .        j - +1 whip
rCold   x . .        x - +0 kite shield
rNeg    . . .        z - +0 ring mail {rF+}
rPois   .            w - +1 hat {Int+3}
rElec   .            d - scarf {repulsion}
rCorr   .            (no gloves)
SInv    .            (no barding)
Will    .....        (no amulet)
Stlth   ++           T - +4 ring of protection
HPRegen 0.33/turn    F - ring of fire
MPRegen 0.11/turn

%: repel missiles, roll
@: mighty, slowed, very slow
A: large, deformed body, tough skin 3, armoured tail, roll 2
a: Renounce Religion, Heroism


You were on level 7 of the Dungeon.
You worshipped Okawaru.
Okawaru was aware of your devotion.
You visited 2 branches of the dungeon, and saw 8 of its levels.

You collected 397 gold pieces.


Innate Abilities, Weirdness & Mutations

Armour fits poorly on your strangely shaped body.
You have extremely tough skin. (AC +3)
You have a long armoured tail.
You regenerate magic and health when rolling toward enemies. (Rampage Regen)


   Skills:
 + Level 6.4 Fighting
 * Level 8.4 Maces & Flails
 - Level 4.2 Armour
 - Level 4.0 Stealth
 + Level 5.1 Shields
 - Level 2.7 Air Magic


You had 5 spell levels left.
You knew the following spells:

 Your Spells              Type           Power      Damage    Failure   Level
i - Swiftness             Air            5%         N/A       71%         3

Your spell library contained the following spells:

 Spells                   Type           Power      Damage    Failure   Level
 Shock                    Conj/Air       8%         1d3       52%         1
 Mercury Vapours          Alch/Air       4%         N/A       67%         2
 Foxfire                  Conj/Fire      0%         2x1d4     71%         1
 Mephitic Cloud           Conj/Alch/Air  1%         N/A       92%         3
 Airstrike                Air            2%         2d(1-17)  98%         4
 Freezing Cloud           Conj/Ice/Air   0%         6-21      100%        5
 Plasma Beam              Fire/Air       2%         2x1d12    100%        6
 Starburst                Conj/Fire      0%         6d3       100%        6

Inventory:

Hand Weapons
 a - a +0 flail
 i - a +0 sling
 j - a +1 whip (weapon)
Missiles
 t - 2 poisoned darts
Armour
 d - a scarf of repulsion (worn)
 w - a +1 hat of intelligence (worn)
 x - a +0 kite shield (worn)
 z - a +0 ring mail of fire resistance (worn)
Magical Staves
 r - a staff of death {!a}
Jewellery
 F - a ring of fire (right hand)
 T - a +4 ring of protection (left hand)
Wands
 q - a wand of flame (9)
Scrolls
 g - a scroll of amnesia
 v - 2 scrolls of teleportation {@r2}
 y - a scroll of brand weapon {unknown}
Potions
 b - a potion of haste {@q3}
 e - 2 potions of degeneration {unknown}
 f - a potion of brilliance
 h - a potion of invisibility {unknown}
 k - a potion of cancellation {unknown}
 m - 4 potions of curing {unknown}
 n - a potion of heal wounds {unknown}
 o - a potion of enlightenment {unknown}
 p - 2 potions of ambrosia {unknown}
 u - a potion of attraction

Dungeon Overview and Level Annotations

Branches:
Dungeon (7/15)             Temple (1/1) D:6

Altars:
Ashenzari
Fedhas
Gozag
Kikubaaqudgha
Makhleb
Nemelex Xobeh
Okawaru
Qazlal
Ru
Uskayaw
Vehumet
Wu Jian
Zin

Shops:
D:4 :   D:5 (

Portals:
Abyss: D:6

Annotations:
D:4 Pikel
D:6 2 transporters, RancidPinata's ghost, weakling GrDe

▒▒▒▒▒▒▒▒
▒▒▒.......
▒▒▒...▒▒▒▒..
####▒▒▒...▒▒▒..▒▒▒
#..o▒....▒▒... ▒
#@▒▒§...▒▒..▓
#.▒.§÷.▒▒..▓
#.▒....▒..▓
#.▒.§.§▒8.▓
#.▒....§..▓
#[▒..o.▒).▓
#.▒....▒8.▓
#.▒....▒..▓
#.▒....▒▒..


You could see an orc priest.


Message History

The hornet is moderately wounded.
The hornet stings you.
* * * LOW HITPOINT WARNING * * *
You suddenly lose the ability to move!
The hornet stings you.
* * * LOW HITPOINT WARNING * * *
You shrug off the repeated paralysis!
The orc priest invokes the aid of Beogh against you.
Beogh smites you!
* * * LOW HITPOINT WARNING * * *
You can move again.
You miss the hornet.
The hornet is moderately wounded.
The hornet stings you but does no damage.
The hornet stings you!
* * * LOW HITPOINT WARNING * * *
You feel yourself slow down.
You whack the hornet!
The hornet is severely wounded.
You block the hornet's attack.
You closely miss the hornet.
Your tail-slap misses the hornet.
The hornet is severely wounded.
You block the hornet's attack. x2
Unknown command.
You whack the hornet!
You kill the hornet!
Okawaru is honoured by your kill.
The orc priest calls down the wrath of Beogh upon you.
Beogh smites you!
You die...

Skill      XL: |  1  2  3  4  5  6  7  8  9 |
---------------+----------------------------+-----
Maces & Flails | 2 3 4 5 6 7 8 |  8.4
Fighting       | 3 4 5 6 |  6.4
Air Magic      | 1 2 |  2.7
Stealth        | 4 |  4.0
Shields        | 4 5 |  5.1
Armour         | 4 |  4.2

Action                     |  1- 3 |  4- 6 |  7- 9 || total
---------------------------+-------+-------+-------++-------
  Melee: Flail             |    35 |       |       ||    35
         Tailslap          |    12 |     7 |    86 ||   105
         Whip              |   124 |   107 |   572 ||   803
   Fire: Sling             |       |    14 |     2 ||    16
 Invoke: Heroism           |       |       |     2 ||     2
  Evoke: Wand              |       |       |    11 ||    11
    Use: Scroll            |     3 |     5 |     2 ||    10
         Potion            |       |     8 |     6 ||    14
   Stab: Distracted        |       |       |     1 ||     1
 Armour: Scale mail        |    91 |    65 |   243 ||   399
         Skin              |       |    89 |       ||    89
         Chain mail        |       |       |    93 ||    93
         Ring mail         |       |       |    59 ||    59
  Dodge: Dodged            |    50 |    37 |   114 ||   201
         Repelled          |       |     1 |     2 ||     3
  Block: Buckler           |    23 |    28 |    69 ||   120
         Kite shield       |       |       |    25 ||    25

Levels and vault maps discovered:
D:1:      psy_arrival_statuary, layout_loops_corners
D:2:      layout_basic
D:3:      layout_loops_ring, mainiacjoe_overflow_cross_hatched, minmay_rat_hole
D:4:      layout_cave_pods, serial_shops, nicolae_take_the_stairs, uniq_grinder,
          uniq_pikel, uniq_menkaure
D:5:      layout_loops_ring, mainiacjoe_overflow_catwalk,
          mainiacjoe_overflow_small_starburst, serial_shops, kennysheep_mini,
          grunt_decor_one_mirror
D:6:      layout_loops_ring, minmay_temple_entry_fiery,
          gammafunk_ghost_abyssal_escape, minmay_misc_feat_more_columns,
          nicolae_elevator_lobby_plus
D:7:      layout_cave_pools, nzn_random_ring
Temple:   zaba_magenta_temple

Notes
Turn   | Place    | Note
-------+----------+-------------------------------------------
     0 | D:1      | Ruich the Armataur Fighter began the quest for the Orb.
     0 | D:1      | Reached XP level 1. HP: 18/18 MP: 1/1
    24 | D:1      | Reached skill level 2 in Maces & Flails
   169 | D:1      | Reached XP level 2. HP: 25/25 MP: 2/2
   246 | D:1      | Reached skill level 3 in Fighting
  1072 | D:2      | Reached XP level 3. HP: 31/31 MP: 3/3
  1417 | D:2      | Reached skill level 3 in Maces & Flails
  1780 | D:3      | Reached XP level 4. HP: 38/38 MP: 4/4
  2058 | D:3      | Found a radiant altar of Vehumet.
  2523 | D:4      | Noticed Menkaure
  2597 | D:4      | Killed Menkaure
  2598 | D:4      | Reached skill level 4 in Fighting
  2598 | D:4      | Reached skill level 4 in Maces & Flails
  2598 | D:4      | Reached XP level 5. HP: 22/46 MP: 5/5
  2794 | D:4      | Found Bushrippanest's Book Shop.
  2856 | D:4      | Noticed an ogre
  2945 | D:4      | Killed an ogre
  2946 | D:4      | Reached XP level 6. HP: 52/52 MP: 6/6
  3140 | D:4      | Noticed Grinder
  3151 | D:4      | Paralysed by Grinder for 4 turns
  3171 | D:4      | Paralysed by Grinder for 5 turns
  3188 | D:4      | Paralysed by Grinder for 3 turns
  3194 | D:4      | Paralysed by Grinder for 4 turns
  3199 | D:4      | Killed Grinder
  3200 | D:4      | Reached skill level 5 in Maces & Flails
  3210 | D:4      | Gained mutation: You regenerate magic and health when
                  | rolling toward enemies. (Rampage Regen) [Armataur growth]
  3210 | D:4      | Reached XP level 7. HP: 26/60 MP: 7/7
  3791 | D:4      | Noticed Pikel
  3890 | D:4      | Paralysed by Pikel for 3 turns
  3893 | D:4      | HP: 6/60 [Pikel/+2 whip of flaming (3)]
  4293 | D:5      | Entered Level 5 of the Dungeon
  4322 | D:5      | Reached skill level 6 in Maces & Flails
  4334 | D:5      | Reached skill level 5 in Fighting
  4337 | D:5      | Found a burning altar of Makhleb.
  4394 | D:5      | Learned a level 3 spell: Swiftness
  4675 | D:5      | Reached skill level 1 in Air Magic
  4881 | D:5      | Found a hide-covered altar of Uskayaw.
  5268 | D:5      | Found Gegg's Antique Weapon Shop.
  5439 | D:6      | Found a one-way gate to the infinite horrors of the Abyss.
  5439 | D:6      | Noticed RancidPinata's ghost (weakling GrDe)
  5444 | D:6      | Found a transporter.
  5555 | D:6      | Reached XP level 8. HP: 37/69 MP: 8/8
  5738 | D:6      | Noticed a toenail golem
  5745 | D:6      | Found a transporter.
  5771 | D:6      | Reached skill level 7 in Maces & Flails
  5800 | D:6      | Reached skill level 2 in Air Magic
  5835 | D:6      | HP: 5/69 [white imp/puff of frost (3)]
  6391 | D:6      | Found a staircase to the Ecumenical Temple.
  6402 | Temple   | Entered the Ecumenical Temple
  6415 | Temple   | Became a worshipper of Warmaster Okawaru
  6502 | D:6      | Reached skill level 1 in Stealth
  6546 | D:6      | Reached skill level 2 in Stealth
  7100 | D:6      | Reached skill level 3 in Stealth
  7357 | D:7      | Reached skill level 4 in Stealth
  7484 | D:7      | Reached skill level 4 in Shields
  7679 | D:7      | Reached * piety under Okawaru
  7680 | D:7      | Reached skill level 6 in Fighting
  7685 | D:7      | Reached skill level 4 in Armour
  7685 | D:7      | Reached XP level 9. HP: 74/75 MP: 9/9
  8111 | D:7      | Reached skill level 8 in Maces & Flails
  8329 | D:7      | Reached skill level 5 in Shields
  8383 | D:7      | Paralysed by a hornet for 1 turns
  8385 | D:7      | HP: 7/78 [hornet (7)]
  8388 | D:7      | Killed from afar by an orc priest

Vanquished Creatures
  A hornet (D:7)
  Grinder (D:4)
  Menkaure (D:4)
  3 water moccasins
  An ice beast (D:6)
  3 sky beasts
  2 ogres
  A centaur (D:7)
  4 lemures
  A kobold brigand (D:7)
  2 gnoll sergeants (D:7)
  A scorpion (D:5)
  A howler monkey (D:7)
  2 orc priests
  6 bombardier beetles (D:5)
  2 gnoll boudas
  2 jellies
  2 hounds
  6 iguanas
  5 orc wizards
  19 gnolls
  3 adders
  A shadow imp (D:6)
  2 white imps (D:6)
  2 ufetubi (D:4)
  5 dart slugs
  18 orcs
  An endoplasm (D:1)
  2 giant cockroaches
  9 goblins
  4 hobgoblins
  6 jackals (D:2)
  7 kobolds
  5 quokkas
  4 ball pythons
  6 bats
  2 frilled lizards (D:1)
  24 rats
167 creatures vanquished.

Vanquished Creatures (others)
  An orc wizard (D:6)
1 creature vanquished.

Grand Total: 168 creatures vanquished

Table legend: (Time is in decaauts)
 A = Elapsed time spent in this place.
 B = Non-inter-level travel time spent in this place.
 C = Inter-level travel time spent in this place.
 D = Time resting spent in this place.
 E = Time spent auto-exploring this place.
 F = Levels seen in this place.
 G = Mean time per level.
                   A        B        C        D        E       F      G
               +--------+--------+--------+--------+--------+-----+--------+
         Total |   8227 |   7907 |    320 |   2023 |   3481 |   8 | 1028.4 |
       Dungeon |   8201 |   7881 |    320 |   2023 |   3481 |   7 | 1171.6 |
        Temple |     26 |     26 |      0 |      0 |      0 |   1 |   26.0 |
               +--------+--------+--------+--------+--------+-----+--------+

Top non-repeatable levels by time:
     D:6: 1933 daAuts
     D:4: 1365 daAuts
     D:3: 1273 daAuts
     D:5: 1073 daAuts
     D:1: 984 daAuts
     D:7: 957 daAuts
     D:2: 612 daAuts
  Temple: 26 daAuts

Table legend:
 A = Non-vault XP
 B = Vault XP
 C = Vault XP percentage of total XP
 D = Non-vault monster count
 E = Vault monster count
 F = Vault count percentage of total count
                 A         B        C        D         E       F
            +---------+---------+-------+---------+---------+-------
      Total |    2447 |    1544 |  38.7 |     132 |      32 |  19.5
            +---------+---------+-------+---------+---------+-------
        D:1 |      39 |       0 |   0.0 |      24 |       0 |   0.0
        D:2 |      25 |       0 |   0.0 |      12 |       0 |   0.0
        D:3 |      37 |      20 |  35.1 |       9 |      19 |  67.9
        D:4 |     267 |     436 |  62.0 |      25 |       2 |   7.4
        D:5 |     551 |       0 |   0.0 |      18 |       0 |   0.0
        D:6 |     968 |       0 |   0.0 |      35 |       0 |   0.0
        D:7 |     560 |    1088 |  66.0 |       9 |      11 |  55.0
            +---------+---------+-------+---------+---------+-------
